 Dungeon Crawl Stone Soup version 0.28-a0-2-g643f2454ad (webtiles) character file.

Game seed: 2413623733100003220

127677 Brandom the Warrior (level 16, -8/156 HPs)
             Began as a Black Draconian Abyssal Knight on July 21, 2021.
             Was a High Priest of Lugonu.
             Mangled by a demonic crawler (12 damage)
             ... on level 2 of the Spider Nest on July 22, 2021.
             The game lasted 02:39:07 (55699 turns).

Brandom the Warrior (DrAK)                         Turns: 55699, Time: 02:39:08

Health: -8/156     AC: -1    Str: 15 (16) XL:     16   Next: 46%
Magic:  0/26       EV:  8    Int: 19 (20) God:    Lugonu [*****.]
Gold:   2017       SH:  0    Dex: 12 (14) Spells: 8/21 levels left

rFire   + + +      SeeInvis +   P - +2 scimitar "Ruetu" {distort, rF+ Dex+3}
rCold   + . .      Faith    .   (no shield)
rNeg    . . .      Spirit   +   (armour unavailable)
rPois   +          Reflect  .   (helmet restricted)
rElec   +          Harm     .   L - scarf {rC+ rF+}
rCorr   .          Rampage  .   K - +0 pair of gloves
Will    ++...                   h - +0 pair of boots
Stlth   +.........              j - amulet of guardian spirit
HPRegen 0.36/turn               z - ring of see invisible
MPRegen 0.20/turn               T - ring of protection from fire

@: corroded, unable to read, flying, held, studying Transmutations
A: breathe lightning, AC +9, unfitting armour, big wings, electricity
resistance, cold-blooded, fire resistance 1, strong-willed 1, poison resistance,
strong 1, inability to read while threatened
a: Breathe Lightning, Renounce Religion, Depart the Abyss, Bend Space, Banish,
Corrupt, Enter the Abyss


You were on level 2 of the Spider Nest.
You worshipped Lugonu.
Lugonu was extremely pleased with you.
You visited 4 branches of the dungeon, and saw 25 of its levels.
You visited the Abyss 2 times.
You also visited: Ossuary and Bailey.

You collected 3196 gold pieces.
You spent 1179 gold pieces at shops.

Inventory:

Hand Weapons
 J - a +1 antimagic trident
   (You took it off an orc on level 7 of the Dungeon)
 P - the +2 scimitar "Ruetu" (weapon) {distort, rF+ Dex+3}
   (You found it on level 2 of the Lair of Beasts)

   It warps and distorts space around it, and may blink, banish, or inflict
   extra damage upon those it strikes.
   Unwielding it can cause banishment or high damage.
   Dex:       It affects your dexterity (+3).
   rF:        It protects you from fire.
 Q - a +1 scimitar of flaming
   (You took it off Erica on level 11 of the Dungeon)
Missiles
 r - 3 throwing nets {!f}
 B - 3 atropa-tipped darts
 D - 112 poisoned darts (quivered)
 O - 6 silver javelins
Armour
 h - a +0 pair of boots (worn)
   (You found it on level 1 of the Dungeon)
 K - a +0 pair of gloves (worn)
   (You found it on level 7 of the Dungeon)
 L - a scarf of resistance (worn)
   (You found it on level 7 of the Dungeon)
 R - a +0 buckler
   (You found it on level 15 of the Dungeon)
Jewellery
 j - an amulet of guardian spirit (around neck)
   (You found it on level 1 of the Dungeon)
 q - a ring of ice
   (You found it on level 5 of the Lair of Beasts)
 z - a ring of see invisible (left hand)
   (You found it on level 14 of the Dungeon)
 G - a ring of resist corrosion
   (You found it on level 2 of the Spider Nest)
 T - a ring of protection from fire (right hand)
   (You found it on level 2 of the Lair of Beasts)
 U - a +6 ring of dexterity
   (You found it on level 2 of the Lair of Beasts)
Wands
 d - a wand of iceblast (25)
   (You found it on level 2 of the Lair of Beasts)
 p - a wand of charming (10)
   (You took it off Ijyb on level 3 of the Dungeon)
 u - a wand of paralysis (5)
   (You found it on level 4 of the Lair of Beasts)
 x - a wand of acid (23)
   (You found it on level 4 of the Lair of Beasts)
 I - a wand of polymorph (21)
   (You found it on level 6 of the Dungeon)
Scrolls
 b - 4 scrolls of fear
 c - 4 scrolls of teleportation {@r4}
 f - 5 scrolls of immolation {!r}
 i - 7 scrolls of noise {!r}
 k - 5 scrolls of holy word
 l - 6 scrolls of enchant weapon
 n - 2 scrolls of torment {!r}
 t - 3 scrolls of magic mapping
 v - 6 scrolls of vulnerability {!r}
 w - 6 scrolls of amnesia
 y - a scroll of summoning
 A - 3 scrolls of fog
 M - 2 scrolls of silence
 S - 6 scrolls of enchant armour
 X - 5 scrolls of blinking
Potions
 a - a potion of magic
 g - a potion of heal wounds {@q2}
 m - 8 potions of curing {@q1}
 o - a potion of lignification {!q}
 s - 4 potions of resistance
 C - 2 potions of brilliance
 E - 3 potions of attraction {!q}
 F - 4 potions of cancellation
 H - 2 potions of haste {@q3}
 V - a potion of berserk rage
 Z - 8 potions of mutation {!q}
Miscellaneous
 e - a lightning rod (4/4) {!a}
   (You found it on level 1 of the Spider Nest)
 N - a phantom mirror
   (You found it on level 9 of the Dungeon)


   Skills:
 + Level 17.6 Fighting
 - Level 1.0(8.5) Short Blades
 * Level 12.9(13.0) Long Blades
 - Level 10.0 Dodging
 - Level 3.0 Spellcasting
 + Level 8.9 Hexes
 - Level 9.0 Summonings
 + Level 14.6 Invocations


You had 8 spell levels left.
You knew the following spells:

 Your Spells              Type           Power      Damage    Failure   Level
a - Tukima's Dance        Hex            36%        N/A       1%          3
b - Summon Mana Viper     Hex/Summ       36%        N/A       11%         5
c - Slow                  Hex            36%        N/A       1%          2
d - Confusing Touch       Hex            36%        N/A       1%          3

Your spell library contained the following spells:

 Spells                   Type           Power      Damage    Failure   Level
 Portal Projectile        Hex/Tloc       38%        N/A       8%          3
 Passwall                 Tmut/Erth      1%         N/A       22%         2
 Poisonous Vapours        Pois/Air       4%         N/A       22%         2
 Static Discharge         Conj/Air       2%         N/A       22%         2
 Sublimation of Blood     Necr           1%         N/A       22%         2
 Fulminant Prism          Conj/Hex       9%         3d7       24%         4
 Summon Ice Beast         Ice/Summ       19%        N/A       24%         4
 Frozen Ramparts          Ice            4%         1d2       41%         3
 Mephitic Cloud           Conj/Pois/Air  2%         N/A       41%         3
 Swiftness                Air            2%         N/A       41%         3
 Shadow Creatures         Summ           N/A        N/A       50%         6
 Invisibility             Hex            18%        N/A       52%         6
 Summon Forest            Summ/Tloc      9%         N/A       54%         5
 Yara's Violent Unravell  Hex/Tmut       9%         3d6       56%         5
 Animate Dead             Necr           1%         N/A       83%         4
 Dispel Undead            Necr           2%         3d7       83%         4
 Ice Form                 Ice/Tmut       2%         N/A       83%         4
 Iskenderun's Mystic Bla  Conj/Tloc      2%         2d3       83%         4
 Passage of Golubria      Tloc           N/A        N/A       83%         4
 Petrify                  Tmut/Erth      2%         N/A       83%         4
 Sticky Flame             Conj/Fire      2%         2d3       83%         4
 Blade Hands              Tmut           1%         N/A       99%         5
 Excruciating Wounds      Necr           1%         N/A       99%         5
 Freezing Cloud           Conj/Ice/Air   1%         6-21      99%         5
 Irradiate                Conj/Tmut      1%         3d14      99%         5
 Lee's Rapid Deconstruct  Erth           1%         3d5*      99%         5
 Dispersal                Tloc           1%         N/A       100%        6
 Haunt                    Necr/Summ      9%         N/A       100%        7
 Disjunction              Tloc           1%         N/A       100%        8
 Infestation              Necr           1%         N/A       100%        8


Dungeon Overview and Level Annotations

Branches:
Dungeon (15/15)            Temple (0/1) D:5            Lair (6/6) D:11
  Swamp (0/4) Lair:4       Spider (2/4) Lair:3        Slime (0/5) Lair:6
    Orc (2/2) D:9             Elf (0/3) Orc:2        Vaults (0/5) D:13
 Depths (0/5) D:15        Ossuary (visited)          Bailey (visited)

Altars:
Dithmenos
Elyvilon
Fedhas
Makhleb
Ru
Sif Muna
Trog
Uskayaw
Vehumet
Wu Jian
Xom
Jiyva

Shops:
D:5 [   Orc:2 ((?::

Annotations:
Spider:2 Bumuvide's ghost, journeyman DDFi
Abyss:1 Kirke, Sonja, Urug


Innate Abilities, Weirdness & Mutations

You can breathe wild blasts of lightning.
Your glossy black scales are hard. (AC +9)
You cannot fit into any form of body armour.
Your large and strong wings let you fly.
You are resistant to electric shocks. (rElec)
You are cold-blooded and may be slowed by cold attacks.
Your flesh is heat resistant. (rF+)
You are strong-willed. (Will+)
Your system is resistant to poisons. (rPois)
Your muscles are strong. (Str +2)
You sometimes lose the ability to read scrolls when taking damage.


Message History

Found a potion of magic.
You see here a +0 pair of boots.
You hit the thrashing horror.
Space warps horribly around the thrashing horror!
The thrashing horror closely misses you.
The thrashing horror misses you. The thrashing horror barely misses you.
You riposte.
You hit the thrashing horror but do no damage.
Space bends around the thrashing horror.
The thrashing horror misses you.
The slime creature quivers.
You hit the thrashing horror but do no damage.
Space bends around the thrashing horror.
The thrashing horror closely misses you. x2
Unknown command.
The thrashing horror roars!
Found a smouldering flail.
The thrashing horror tramples you!
* * * LOW HITPOINT WARNING * * *
You hold your ground!
The thrashing horror barely misses you.
Unknown command.
The orc knight shouts!
Unknown command.
Unknown command.
The orc warlord roars a battlecry!
The orc knight goes into a battle-frenzy!
The thrashing horror tramples you!
* * * LOW HITPOINT WARNING * * *
You are shoved backwards!
Unknown command.
You pass through the gate.
Welcome back to the Spider Nest!
Level annotation: Bumuvide's ghost, journeyman DDFi The wolf spider misses you.
The wolf spider closely misses you.
The jumping spider completely misses you.
The jumping spider misses you. The demonic crawler misses you.
You riposte.
You hit the demonic crawler. The demonic crawler closely misses you.
The demonic crawler hits you!
* * * LOW HITPOINT WARNING * * *
The wolf spider barely misses you.
You riposte.
You hit the wolf spider.
Space bends around the wolf spider.
The wolf spider closely misses you. The jumping spider pounces on you.
* * * LOW HITPOINT WARNING * * *
You are caught in a web!
The jumping spider bites you!
* * * LOW HITPOINT WARNING * * *
Bumuvide's ghost lets out a mournful wail.
The demonic crawler hits you.
* * * LOW HITPOINT WARNING * * *
The demonic crawler hits you!
You die...

## ###..........#.## .##
#.^...........^.# ..#
####........^.....## ..#
##....#......#...### .^#
#....^##..B..##### .##
#...######W..#.### #### ## #...#
##........#####≈≈### # #..##
#^sss.......##≈≈≈≈≈# # ###≈##
##.s@s.##.....#..#≈##
##≈≈#≈####......≈≈#
.##≈≈≈#.#......#...^###.......≈≈#
.#≈≈≈≈......#..#..##≈##.....^..≈≈
.#...≈#...^.≈^.#......≈...####≈≈≈
.#...≈#..#^#≈.##.....^##^..<..#≈#
.#..#≈...#≈≈#≈#...#....#......###


You could see an entropy weaver, 2 demonic crawlers, 2 wolf spiders, a jumping
spider, a tarantella and Bumuvide's ghost.

Vanquished Creatures
  Louise (D:14)
  Nessos (D:12)
  9 hydras
  A vault guard (D:13)
  A catoblepas (D:13)
  A boulder beetle (Lair:1)
  5 centaur warriors
  Erica (D:11)
  An ogre mage (D:15)
  A merfolk avatar (Lair:6)
  2 two-headed ogres (D:15)
  2 death yaks (D:11)
  A tengu warrior (D:14)
  5 orc high priests
  A lindwurm (Lair:5)
  4 orb spiders
  2 harpies
  7 orc knights
  7 cyclopes
  5 wolf spiders
  A manticore (D:13)
  8 ugly things
  A deep elf pyromancer (D:15)
  5 orc sorcerers
  A will-o-the-wisp (Lair:4)
  9 elephants
  A torpor snail (Spider:2)
  6 black mambas
  A centaur skeleton (D:15)
  7 komodo dragons
  14 cane toads
  2 unseen horrors (D:12)
  3 rime drakes
  A kobold demonologist (D:12)
  3 demonic crawlers
  A yaktaur (D:15)
  2 hornets (Lair:5)
  14 jumping spiders
  4 polar bears
  4 trolls
  2 wind drakes (Lair:6)
  8 blink frogs
  A wolf spider simulacrum (D:15)
  4 dream sheep (Lair:6)
  5 nameless horrors
  5 slime creatures
  A shadow (D:12)
  A vampire (D:13)
  2 wraiths (D:10)
  46 redbacks
  13 tarantellas
  Sigmund (D:5)
  48 yaks
  6 humans (D:13)
  4 hogs
  A wyvern (Lair:6)
  2 basilisks
  Eustachio (D:6)
  A steam dragon (Lair:6)
  2 wargs
  Edmund (D:5)
  2 acid dragons
  19 water moccasins
  45 orc warriors
  A swamp drake (D:9)
  A sky beast (D:6)
  A black bear (Lair:3)
  2 necrophages
  6 wolves (Lair:3)
  8 ogres
  5 centaurs
  3 kobold brigands
  8 bullfrogs
  2 wyvern zombies
  3 water moccasin zombies (Ossuary)
  A wyvern skeleton (D:6)
  7 killer bees
  4 wights (D:10)
  2 electric eels
  4 howler monkeys
  A crimson imp (D:3)
  2 centaur zombies
  8 bullfrog zombies
  A hound (D:4)
  21 orc priests
  2 jellies
  Crazy Yiuf (D:2)
  A bullfrog skeleton (D:6)
  2 iguanas
  Ijyb (D:3)
  A gnoll shaman (D:8)
  24 orc wizards
  A scorpion zombie (D:5)
  4 hell rats
  3 killer bee zombies
  11 mummies
  2 howler monkey zombies
  A howler monkey skeleton (D:4)
  9 gnolls
  9 adders
  A river rat (D:11)
  A shadow imp (D:8)
  2 adder skeletons
  2 worms (D:3)
  4 dart slugs
  104 orcs
  2 ball pythons
  8 endoplasms
  3 giant cockroaches
  11 hobgoblins
  4 jackals
  9 quokkas
  6 bats
  17 frilled lizards
  9 goblins
  18 kobolds
  6 rats
  A bush (D:3)
  A toadstool (D:1)
739 creatures vanquished.

Vanquished Creatures (collateral kills)
  2 ghost moths (Lair:3)
  2 entropy weavers (Lair:3)
  A vault guard (D:13)
  An ogre mage (D:15)
  A centaur warrior (D:14)
  3 two-headed ogres (D:15)
  A necromancer (D:15)
  A deep elf pyromancer (D:15)
  An orc knight (Orc:2)
  2 wolf spiders
  An orc sorcerer (Orc:2)
  2 orb spiders
  7 ugly things (D:15)
  A cyclops (D:13)
  A centaur skeleton (D:15)
  2 jumping spiders
  A wolf spider simulacrum (D:15)
  2 humans (D:13)
  7 orc warriors
  2 ogres (D:15)
  2 centaurs
  6 orc priests (Orc:2)
  An orc wizard (Orc:2)
  4 orcs
54 creatures vanquished.

Vanquished Creatures (others)
  A vault guard (D:13)
  10 dancing weapons
  An orc (Orc:2)
  A bush (Lair:6)
  8 foxfires (Lair:4)
  62 fungi
  65 plants
  3 toadstools (D:1)
  13 withered plants (Ossuary)
164 creatures vanquished.

Grand Total: 957 creatures vanquished

Notes
Turn   | Place    | Note
-------+----------+-------------------------------------------
     0 | Abyss:1  | Brandom the Draconian Abyssal Knight began the quest for
                  | the Orb.
     0 | Abyss:1  | Reached XP level 1. HP: 19/19 MP: 2/2
    57 | Abyss:1  | Noticed a sun demon
    65 | D:1      | Escaped the Abyss
   333 | D:1      | You fall into a shaft and drop 1 floor!
   338 | D:2      | Reached XP level 2. HP: 25/26 MP: 3/3
   517 | D:1      | Reached skill level 4 in Fighting
   646 | D:1      | Reached XP level 3. HP: 31/33 MP: 4/4
   664 | D:1      | Reached ** piety under Lugonu
   964 | D:1      | Found a faded altar of an unknown god.
  1358 | D:2      | Reached XP level 4. HP: 39/41 MP: 6/6
  1830 | D:2      | Found a runed translucent door.
  1831 | D:2      | Noticed Crazy Yiuf
  1839 | D:2      | Killed Crazy Yiuf
  2156 | D:3      | Reached skill level 5 in Fighting
  2195 | D:3      | Found a white marble altar of Elyvilon.
  2459 | D:3      | Noticed Ijyb
  2472 | D:3      | Killed Ijyb
  2473 | D:3      | Reached XP level 5. HP: 46/48 MP: 7/7
  2510 | D:3      | Reached *** piety under Lugonu
  3049 | D:3      | Found a shimmering altar of Xom.
  3049 | D:3      | Found a burning altar of Makhleb.
  3149 | D:4      | Found a sand-covered staircase.
  3218 | Ossuary  | Entered an ossuary
  3244 | Ossuary  | Reached XP level 6. HP: 51/57 MP: 8/8
  3252 | Ossuary  | Reached skill level 6 in Fighting
  3465 | Ossuary  | Your scales start taking on a glossy black colour.
  3465 | Ossuary  | Reached XP level 7. HP: 41/64 MP: 10/10
  3465 | Ossuary  | Gained mutation: You are resistant to electric shocks.
                  | (rElec) [Black Draconian growth]
  3664 | Ossuary  | Reached skill level 7 in Fighting
  4158 | Ossuary  | Reached skill level 5 in Invocations
  4327 | Ossuary  | Reached **** piety under Lugonu
  4684 | D:4      | Reached XP level 8. HP: 71/74 MP: 9/11
  4697 | D:4      | Reached skill level 8 in Fighting
  5359 | D:4      | Found a radiant altar of Vehumet.
  5554 | D:5      | Entered Level 5 of the Dungeon
  5554 | D:5      | Found Feolij's Antique Armour Shoppe.
  5747 | D:4      | Reached skill level 5 in Dodging
  6165 | D:5      | Gained mutation: You are strong-willed. (Will+) [potion of
                  | mutation]
  6165 | D:5      | Gained mutation: Your system is resistant to poisons.
                  | (rPois) [potion of mutation]
  6165 | D:5      | Gained mutation: You evolve. [potion of mutation]
  6217 | D:5      | Found a staircase to the Ecumenical Temple.
  6349 | D:5      | Found a hide-covered altar of Uskayaw.
  6349 | D:5      | Noticed a +0 spear
  6349 | D:5      | Noticed a +0 falchion
  6349 | D:5      | Noticed a +0 short sword
  6350 | D:5      | Noticed a +0 spear
  6350 | D:5      | Noticed a +0 short sword
  6351 | D:5      | Noticed a +0 falchion
  6352 | D:5      | Noticed a +0 dagger
  6353 | D:5      | Noticed a +0 dagger
  6517 | D:5      | Noticed Sigmund
  6527 | D:5      | Killed Sigmund
  6821 | D:5      | Noticed Edmund
  6836 | D:5      | Killed Edmund
  6837 | D:5      | Reached skill level 9 in Fighting
  7404 | D:6      | Noticed Eustachio
  7442 | D:6      | Killed Eustachio
  7529 | D:6      | Found a blossoming altar of Fedhas.
  7591 | D:6      | Found a bloodstained altar of Trog.
  7605 | D:6      | Reached XP level 9. HP: 83/85 MP: 11/14
  8209 | D:7      | Reached skill level 10 in Fighting
  8453 | D:7      | Gained mutation: Your flesh is heat resistant. (rF+)
                  | [evolution]
  9180 | D:8      | Noticed a centaur warrior
  9724 | D:8      | Killed a centaur warrior
  9725 | D:8      | Reached skill level 11 in Fighting
 10360 | D:8      | Learned a level 3 spell: Tukima's Dance
 10694 | D:8      | Gained mutation: Your muscles are strong. (Str +2)
                  | [evolution]
 10694 | D:8      | Lost mutation: You evolve. [end of evolution]
 10997 | D:8      | Reached XP level 10. HP: 96/96 MP: 16/16
 11073 | D:8      | Reached skill level 1 in Spellcasting
 11073 | D:8      | Reached skill level 1 in Hexes
 12501 | D:9      | Found a staircase to the Orcish Mines.
 12680 | D:9      | Noticed a two-headed ogre
 12714 | D:9      | Banished a two-headed ogre
 12715 | D:9      | Reached skill level 12 in Fighting
 13102 | D:10     | Entered Level 10 of the Dungeon
 13811 | D:10     | Found an ornate altar of the Wu Jian Council.
 13837 | D:10     | Noticed Sonja
 13839 | D:10     | Banished Sonja
 14364 | D:10     | Found a sacrificial altar of Ru.
 14729 | D:11     | Noticed Erica
 14751 | D:11     | Killed Erica
 14752 | D:11     | Reached XP level 11. HP: 93/105 MP: 14/17
 15704 | D:11     | Reached skill level 13 in Fighting
 16033 | D:11     | Noticed a death yak
 16036 | D:11     | Noticed a death yak
 16947 | D:11     | Noticed a death yak
 16961 | D:11     | Killed a death yak
 17213 | D:11     | Killed a death yak
 17510 | D:11     | Found a staircase to the Lair.
 17991 | Lair:1   | Entered Level 1 of the Lair of Beasts
 17998 | Lair:1   | Noticed a boulder beetle
 18022 | Lair:1   | Killed a boulder beetle
 18391 | Lair:1   | Reached skill level 10 in Invocations
 19863 | Lair:2   | Noticed a four-headed hydra
 19872 | Lair:2   | Killed a one-headed hydra
 19873 | Lair:2   | Reached skill level 5 in Hexes
 19873 | Lair:2   | Reached XP level 12. HP: 67/116 MP: 10/19
 20034 | Lair:2   | Reached skill level 14 in Fighting
 20427 | Lair:2   | Noticed a boulder beetle
 20450 | Lair:2   | Banished a boulder beetle
 20757 | Lair:2   | Noticed a six-headed hydra
 20776 | Lair:2   | Killed a one-headed hydra
 21160 | Lair:2   | Identified the +2 scimitar "Ruetu" {distort, rF+ Dex+3}
 21456 | Lair:2   | Noticed a five-headed hydra
 21469 | Lair:2   | Killed a one-headed hydra
 22056 | Lair:3   | Noticed a four-headed hydra
 22066 | Lair:3   | Killed a one-headed hydra
 22265 | Lair:3   | Found a hole to the Spider Nest.
 22949 | Lair:3   | Reached skill level 5 in Long Blades
 23510 | Lair:3   | You fall into a shaft and drop 3 floors!
 23510 | Lair:6   | Entered Level 6 of the Lair of Beasts
 23862 | Lair:4   | Reached skill level 15 in Fighting
 23934 | Lair:4   | Reached skill level 1 in Short Blades
 24023 | Lair:4   | Reached XP level 13. HP: 56/126 MP: 17/21
 24458 | Lair:4   | Found a staircase to the Swamp.
 24578 | Lair:4   | Noticed Urug
 24592 | Lair:4   | Banished Urug
 26233 | Lair:5   | Reached skill level 10 in Dodging
 26243 | Lair:5   | Learned a level 5 spell: Summon Mana Viper
 27091 | Lair:5   | Reached skill level 1 in Summonings
 27869 | Lair:6   | Reached ***** piety under Lugonu
 28259 | Lair:6   | Noticed a dire elephant
 28272 | Lair:6   | Banished a dire elephant
 28949 | Lair:6   | Gained mutation: Your large and strong wings let you fly.
                  | [Black Draconian growth]
 28949 | Lair:6   | Reached XP level 14. HP: 136/136 MP: 23/23
 29824 | Lair:6   | Reached skill level 16 in Fighting
 30215 | Lair:6   | Found a viscous altar of Jiyva.
 30215 | Lair:6   | Found a staircase to the Slime Pits.
 30926 | Orc:1    | Entered Level 1 of the Orcish Mines
 31863 | Orc:1    | Reached skill level 5 in Summonings
 32232 | Orc:1    | Noticed an orc warlord
 32359 | Orc:1    | Banished an orc warlord
 32564 | Orc:2    | Entered Level 2 of the Orcish Mines
 33061 | Orc:2    | Reached ****** piety under Lugonu
 33870 | Orc:2    | Paralysed by an orc sorcerer for 7 turns
 34219 | Orc:2    | Found a staircase to the Elven Halls.
 34360 | Orc:2    | Found Otirompe's Antique Weapon Emporium.
 36835 | Orc:2    | Gained mutation: You sometimes lose the ability to read
                  | scrolls when taking damage. [a neqoxec]
 37555 | Orc:2    | Found Xepnef's Antique Weapon Shoppe.
 37558 | Orc:2    | Found Etuat's Book Emporium.
 37559 | Orc:2    | Found Uxkegur's Book Shoppe.
 37560 | Orc:2    | Found Uriveut's Magic Scroll Shoppe.
 37564 | Orc:2    | Bought a scroll of identify for 30 gold pieces
 37564 | Orc:2    | Bought a scroll of identify for 30 gold pieces
 37564 | Orc:2    | Bought a scroll of enchant armour for 112 gold pieces
 37564 | Orc:2    | Bought a scroll of enchant weapon for 112 gold pieces
 37564 | Orc:2    | Bought a scroll of identify for 30 gold pieces
 37564 | Orc:2    | Bought a scroll of identify for 30 gold pieces
 37564 | Orc:2    | Bought a scroll of enchant weapon for 112 gold pieces
 37564 | Orc:2    | Bought a scroll of identify for 30 gold pieces
 37564 | Orc:2    | Bought 2 scrolls of enchant armour for 225 gold pieces
 37567 | Orc:2    | Bought a book of Misfortune for 468 gold pieces
 37822 | Orc:2    | Found a shimmering blue altar of Sif Muna.
 37891 | Orc:2    | Learned a level 2 spell: Slow
 37895 | Orc:2    | Learned a level 3 spell: Confusing Touch
 38265 | D:12     | Noticed Nessos
 38274 | D:12     | Killed Nessos
 38461 | D:12     | Reached XP level 15. HP: 113/145 MP: 17/24
 38584 | D:12     | Reached skill level 10 in Long Blades
 40532 | D:13     | Found a gate to the Vaults.
 40664 | D:13     | Upgraded the game from 0.27-a0-1612-gde56a17b89 to
                  | 0.28-a0-2-g643f2454ad
 41285 | D:14     | Found a flagged portal.
 41304 | Bailey   | Entered a bailey
 42633 | D:14     | Noticed Louise
 42650 | D:14     | Killed Louise
 43014 | D:15     | Entered Level 15 of the Dungeon
 43338 | D:15     | Reached skill level 17 in Fighting
 43411 | D:15     | Found a staircase to the Depths.
 45026 | D:15     | Found a shadowy altar of Dithmenos.
 45870 | Spider:1 | Entered Level 1 of the Spider Nest
 48336 | Spider:1 | Reached XP level 16. HP: 146/155 MP: 23/26
 51938 | Spider:1 | Noticed Kirke
 51987 | Spider:1 | Banished Kirke
 52016 | Lair:3   | HP: 6/155 [wolf spider (10)]
 52023 | Lair:3   | HP: 5/155 [something (5)]
 55158 | Spider:2 | Found a runed translucent gate.
 55158 | Spider:2 | Found a runed translucent gate.
 55159 | Spider:2 | Found a runed translucent gate.
 55160 | Spider:2 | Noticed Bumuvide's ghost (journeyman DDFi)
 55699 | Spider:2 | Escaped the Abyss
 55699 | Spider:2 | HP: 7/156 [jumping spider (7)]
 55699 | Spider:2 | Mangled by a demonic crawler

Illustrated notes

Levels and vault maps discovered:
D:1:      ldierk_water_garden, layout_loops_ring,
          shapermc_ecumenical_altar_totnotflames, chequers_serial_rivers_marsh,
          minmay_lizard_king
D:2:      layout_loops_ring, small_statue_intersection, uniq_crazy_yiuf_cottage
D:3:      layout_loops_cross, nicolae_elyvilon_peaceful_grove,
          grunt_temple_overflow_champion_of_chaos, uniq_ijyb
D:4:      cheibrodos_pilgrimage, layout_loops_ring,
          mainiacjoe_overflow_alcove_4, gup_ossuary_entry_pyramid,
          hangedman_decor_growths, guppyfry_early_lair_pool
D:5:      layout_loops_ring, nicolae_uskayaw_en_pointe,
          minmay_temple_entry_enclosed_plants, nicolae_stop_n_shop_2,
          st_stairs_14, sigmund_edmund_badplayer
D:6:      layout_basic, mainiacjoe_overflow_catch_the_wave, uniq_eustachio
D:7:      layout_layer_cave
D:8:      layout_loops_ring, hangedman_decor_points, minmay_manual_mail
D:9:      layout_grid_maze, erik_orc_1
D:10:     layout_irregular_city, lemuel_crystal_altar, hangedman_ru_absence,
          uniq_sonja
D:11:     layout_basic, dpeg_lair_monsters, uniq_erica
D:12:     layout_rooms, serial_park_tiny_2, uniq_nessos
D:13:     layout_gridville, ximxim_vaults_locker_room
D:14:     layout_irregular_city, minivault_19, enter_bailey_3, uniq_louise
D:15:     grunt_enter_depths_magical_seal, layout_small_grid,
          nicolae_dithmenos_the_darkroom
Lair:1:   layout_loops_ring, minivault_24, hangedman_lair_unloving_vines,
          nzn_sisyphean_effort
Lair:2:   layout_cave_pods
Lair:3:   layout_cave_shapes, nicolae_spider_entry_tight_spaces
Lair:4:   beast_lair_carwin_large_2, layout_misc_corridors,
          minmay_swamp_entry_wisps, uniq_urug
Lair:5:   layout_cave_pods, gauntlet_entry_generic
Lair:6:   gammafunk_lair_ancient_temple, layout_regular_city, slime_altar_1
Spider:1: layout_spider_delve, uniq_kirke
Spider:2: layout_spider_delve, gammafunk_ghost_split
Orc:1:    cheibrodos_orc_arena, layout_caves
Orc:2:    st_orc_pillars, layout_caves, serial_shops, nicolae_diamond_shop,
          kennysheep_orc_sif_temple

Skill      XL: |  1  2  3  4  5  6  7  8  9 10 11 12 13 14 15 16 |
---------------+-------------------------------------------------+-----
Fighting       | 4 5 6 7 9 11 12 13 15 16 17 | 17.6
Invocations    | 3 4 5 6 8 9 10 11 12 13 14 | 14.6
Dodging        | 3 4 5 6 7 8 9 10 | 10.0
Spellcasting   | 3 |  3.0
Hexes          | 3 5 6 8 |  8.9
Long Blades    | 3 5 7 9 12 | 12.9
Short Blades   | 1 |  1.0
Summonings     | 3 6 8 9 |  9.0

Action                   |  1- 3 |  4- 6 |  7- 9 | 10-12 | 13-15 | 16-18 || total
-------------------------+-------+-------+-------+-------+-------+-------++-------
Melee: Short sword       |   121 |   327 |   382 |       |       |       ||   830
       Falchion          |     5 |       |       |       |       |       ||     5
       Tailslap          |     8 |    55 |    73 |   119 |   295 |    56 ||   606
       Rapier            |       |       |   194 |   213 |       |       ||   407
       Scimitar          |       |       |       |   373 |  1289 |   302 ||  1964
       Trident           |       |       |       |       |       |     1 ||     1
Throw: Dart              |       |     7 |     9 |    97 |    27 |       ||   140
       Throwing net      |       |       |     2 |       |       |       ||     2
 Cast: Summon Mana Viper |       |       |       |       |    44 |    16 ||    60
       Tukima's Dance    |       |       |       |       |    52 |       ||    52
       Slow              |       |       |       |       |     1 |       ||     1
Invok: Banish            |       |       |     1 |    16 |     5 |       ||    22
       Bend Space        |       |       |       |     8 |     6 |     3 ||    17
       Depart the Abyss  |       |       |       |       |       |     1 ||     1
       Enter the Abyss   |       |       |       |       |       |     1 ||     1
 Abil: Breathe Lightning |       |       |     3 |    22 |    15 |       ||    40
Evoke: Wand              |       |       |       |       |     5 |       ||     5
  Use: Scroll            |       |     2 |    10 |     6 |    13 |     1 ||    32
       Potion            |       |       |     3 |     1 |     3 |     7 ||    14
 Stab: Sleeping          |       |     1 |       |       |     4 |       ||     5
       Distracted        |       |       |     1 |       |     4 |     2 ||     7
       Held in net/web   |       |       |     1 |       |       |       ||     1
       Paralysed         |       |       |       |       |     8 |       ||     8
Armor: Skin              |    50 |    54 |   207 |   222 |   383 |   162 ||  1078
Dodge: Dodged            |    83 |   135 |   416 |   569 |  1278 |   476 ||  2957
       Rpst.: Scimitar   |       |       |       |   106 |   298 |    87 ||   491

Table legend: (Time is in decaauts)
 A = Elapsed time spent in this place.
 B = Non-inter-level travel time spent in this place.
 C = Inter-level travel time spent in this place.
 D = Time resting spent in this place.
 E = Time spent auto-exploring this place.
 F = Levels seen in this place.
 G = Mean time per level.
                   A        B        C        D        E       F      G
               +--------+--------+--------+--------+--------+-----+--------+
         Total |  55901 |  54462 |   1439 |  19992 |  25367 |  29 | 1927.6 |
       Dungeon |  24330 |  23401 |    929 |   5715 |  13798 |  15 | 1622.0 |
          Lair |  17754 |  17348 |    406 |   8971 |   6226 |   6 | 2959.0 |
   Spider Nest |   5009 |   4991 |     18 |   1627 |   2213 |   2 | 2504.5 |
  Orcish Mines |   6530 |   6445 |     85 |   2570 |   2646 |   2 | 3265.0 |
         Abyss |     82 |     82 |      0 |      0 |      0 |   2 |   41.0 |
       Ossuary |   1492 |   1492 |      0 |    668 |    347 |   1 | 1492.0 |
        Bailey |    701 |    701 |      0 |    440 |    136 |   1 |  701.0 |
               +--------+--------+--------+--------+--------+-----+--------+

Top non-repeatable levels by time:
  Lair:3: 6486 daAuts
Spider:1: 3920 daAuts
   Orc:2: 3444 daAuts
   Orc:1: 3085 daAuts
    D:15: 2719 daAuts
  Lair:5: 2682 daAuts
     D:9: 2586 daAuts
  Lair:6: 2525 daAuts
    D:10: 2316 daAuts
    D:11: 2206 daAuts
  Lair:2: 2188 daAuts
     D:8: 2115 daAuts
  Lair:4: 2085 daAuts
     D:7: 1817 daAuts
  Lair:1: 1786 daAuts
